 Dungeon Crawl Stone Soup version 0.17-a0-1751-g9fa07f0 (webtiles) character file.

113 TruthSerum the Cudgeler (level 4, -4/49 HPs)
             Began as an Ogre Berserker on Sept 2, 2015.
             Was a Priest of Trog.
             Slain by a centaur (6 damage)
             ... on level 3 of the Dungeon.
             The game lasted 00:08:27 (2118 turns).

TruthSerum the Cudgeler (Ogre Berserker)            Turns: 2118, Time: 00:08:27

Health: -4/49      AC:  4    Str: 22    XL:     4   Next: 96%
Magic:  4/4        EV: 10    Int:  7    God:    Trog [***...]
Gold:   146        SH:  0    Dex:  9    Spells: 0 memorised, 3 levels left

rFire  . . .     SeeInvis .     a - +0 mace
rCold  . . .     Clarity  .     i - +1 robe {MR+}
rNeg   . . .     SustAt   .     (no shield)
rPois  .         Gourm    .     (helmet restricted)
rElec  .         Spirit   .     (no cloak)
rCorr  .         Warding  .     (gloves unavailable)
rMut   .         Stasis   .     (boots unavailable)
MR     +....                    (no amulet)
Stlth  +.........               (no ring)
                                (no ring)

@: somewhat resistant to hostile enchantments, very unstealthy
A: unfitting armour, tough skin 1
a: Burn Spellbooks, Berserk, Trog's Hand, Renounce Religion


You were on level 3 of the Dungeon.
You worshipped Trog.
Trog was most pleased with you.
You were not hungry.

You visited 1 branch of the dungeon, and saw 3 of its levels.

You collected 146 gold pieces.

Inventory:

Hand weapons
 a - a +0 mace (weapon)
Armour
 i - a +1 robe of magic resistance (worn)
Scrolls
 b - a scroll of random uselessness {unknown}
 d - 2 scrolls of remove curse {unknown}
 e - 2 scrolls of amnesia {unknown}
 g - 4 scrolls of identify {unknown}
 l - a scroll of teleportation {unknown}
 m - 2 scrolls of recharging {unknown}
 n - 2 scrolls of enchant weapon {unknown}
Potions
 f - a potion of invisibility {unknown}
 j - 3 potions of heal wounds {unknown}
 k - 2 potions of degeneration {unknown}
 p - a potion of curing {unknown}
Comestibles
 c - 2 bread rations
 h - 6 fruits
 o - 5 chunks of flesh


   Skills:
 + Level 4.9 Fighting
 * Level 5.7 Maces & Flails
 + Level 3.4 Dodging


You had 3 spell levels left.
You didn't know any spells.

Dungeon Overview and Level Annotations

Branches:
Dungeon (3/15)

Altars:
Gozag


Innate Abilities, Weirdness & Mutations

You are too large for most types of armour.
You have tough skin (AC +1).


Message History

The centaur shoots an arrow.
The arrow closely misses you.
You hit the kobold.
You kill the kobold!
Trog accepts your kill.
The centaur shoots an arrow.
The arrow closely misses you.
The centaur shoots an arrow.
The arrow hits you.
The centaur shoots an arrow.
The arrow hits you.
* * * LOW HITPOINT WARNING * * *
You see here an arrow.
You are too injured to fight recklessly!
You are too injured to fight recklessly!
You are too injured to fight recklessly!
You are too injured to fight recklessly!
You are too injured to fight recklessly!
The centaur unwields an uncursed shortbow.
The centaur hits you!
* * * LOW HITPOINT WARNING * * *
You hit the centaur but do no damage. The centaur completely misses you.
The centaur hits you.
You die...

#.# #..# #.#
###.##
#.###...#
#######(##..###
.......(.#.##
####.((..#
#.###..#.#####
#......(<#
####..@.##
#..c.# ##..##
#..# ####


You could see a centaur.

Vanquished Creatures
  3 adders
  A shadow imp (D:3)
  3 worms
  3 giant geckos
  An orc (D:3)
  4 bats
  3 giant cockroaches
  6 hobgoblins
  2 quokkas
  A giant newt (D:1)
  4 goblins (D:1)
  11 jackals
  10 kobolds
  8 rats
60 creatures vanquished.

Notes
Turn   | Place    | Note
--------------------------------------------------------------
     0 | D:1      | TruthSerum the Ogre Berserker began the quest for the Orb.
     0 | D:1      | Reached XP level 1. HP: 24/24 MP: 1/1
   184 | D:1      | Reached XP level 2. HP: 22/32 MP: 2/2
   396 | D:1      | Acquired Trog's second power
   517 | D:1      | Reached XP level 3. HP: 40/40 MP: 3/3
   815 | D:2      | Reached skill level 5 in Maces & Flails
  1131 | D:2      | Reached XP level 4. HP: 26/49 MP: 4/4
  1993 | D:3      | Found an opulent altar of Gozag.
  2113 | D:3      | Noticed a centaur
  2117 | D:3      | HP: 2/49 [centaur (10)]
  2118 | D:3      | Slain by a centaur

Vault maps used:
D:1:      lemuel_arrival_funnel
D:3:      first_bread, grunt_gozag_breadcrumbs

Action                   |  1- 3 |  4- 6 || total
-------------------------+-------+-------++-------
Melee: Mace              |   119 |    73 ||   192
 Stab: Sleeping          |     1 |       ||     1
  Eat: Chunk             |     1 |     3 ||     4
